 Dungeon Crawl Stone Soup version 0.32-a0-30-gefbe487952 (webtiles) character file.

Game seed: 1932725177217854131

94862 experimilk the Brawler (level 15, -3/144 HPs)
             Began as a Troll Gladiator on Jan 20, 2024.
             Was a High Priest of Hepliaklqana.
             Killed from afar by a deep elf zephyrmancer (28 damage)
             ... with a bolt of lightning
             ... on level 13 of the Dungeon.
             The game lasted 01:12:12 (28447 turns).

experimilk the Brawler (Troll Gladiator)           Turns: 28447, Time: 01:12:12

Health: -3/144     AC:  8    Str: 32    XL:     15   Next: 64%
Magic:  18/21      EV: 13    Int:  4    God:    Hepliaklqana [*****.]
Gold:   3503       SH:  0    Dex: 11    Spells: 14/14 levels left

rFire   . .          .
                       - Unarmed
rCold   + . .        (no shield)
rNeg    . . .        X - +0 troll leather armour
rPois   .            Z - +0 hat {Stlth+}
rElec   .            U - +2 cloak {Stlth+}
rCorr   .            (gloves unavailable)
SInv    +            (boots unavailable)
Will    +....        C - amulet of regeneration
Stlth   +++          l - ring of the Wild Haggis {rC+ Slay+4}
HPRegen 2.84/turn    t - ring of see invisible
MPRegen 0.17/turn

%: no passive effects
@: no status effects
A: reduced essence, large, unfitting armour, claws 3, regeneration 1, shaggy fur
1, tough skin 1
a: Renounce Religion, Recall Ancestor, Ancestor Identity, Transference, Idealise


You were on level 13 of the Dungeon.
You worshipped Hepliaklqana.
Hepliaklqana was extremely pleased with you.
You visited 4 branches of the dungeon, and saw 21 of its levels.
You also visited: Bailey.

You collected 3995 gold pieces.
You spent 492 gold pieces at shops.

Inventory:

Missiles
 a - 4 poisoned darts
 c - 9 boomerangs
 s - 4 curare-tipped darts
 x - 2 javelins
 z - 8 large rocks (quivered)
Armour
 y - a +0 cloak
 S - a +2 robe of cold resistance
 U - a +2 cloak of stealth (worn)
 X - a +0 troll leather armour (worn)
 Z - a +0 hat of stealth (worn)
Jewellery
 d - a ring of protection from fire
 k - the ring of the Antique Guava {rC+ rCorr Str+3}
   (You acquired it on level 3 of the Lair of Beasts)

   [ring of protection from cold]

   Str+3:     It affects your strength (+3).
   rC+:       It protects you from cold.
   rCorr:     It protects you from acid and corrosion.
 l - the ring of the Wild Haggis (left claw) {rC+ Slay+4}
   (You acquired it on level 3 of the Lair of Beasts)

   [ring of slaying]

   Slay+4:    It affects your accuracy & damage with ranged weapons and melee
   (+4).
   rC+:       It protects you from cold.
 p - an amulet of the acrobat
 t - a ring of see invisible (right claw)
 C - an amulet of regeneration (around neck)
 H - an amulet of reflection
 M - a ring of poison resistance
 P - a ring of resist corrosion
 Q - a ring of magical power
Wands
 B - a wand of charming (33)
 G - a wand of polymorph (9)
 N - a wand of flame (7)
 O - a wand of digging (3)
 R - a wand of iceblast (4)
 Y - a wand of mindburst (4)
Scrolls
 f - 5 scrolls of fear
 i - 11 scrolls of teleportation
 j - 2 scrolls of revelation
 q - a scroll of noise {unknown}
 r - 4 scrolls of poison
 D - a scroll of brand weapon {unknown}
 F - 2 scrolls of blinking
 I - 6 scrolls of immolation
 J - a scroll of summoning
 L - a scroll of enchant weapon
 T - 2 scrolls of silence {unknown}
 V - a scroll of enchant armour
Potions
 b - 3 potions of berserk rage
 e - 13 potions of curing
 g - 3 potions of invisibility
 h - 2 potions of heal wounds
 m - 4 potions of attraction
 n - a potion of lignification
 o - 4 potions of might
 u - 2 potions of enlightenment {unknown}
 v - 2 potions of magic {unknown}
 w - 2 potions of cancellation {unknown}
 A - 3 potions of ambrosia
 K - 3 potions of resistance
 W - a potion of haste {unknown}
Miscellaneous
 E - a box of beasts


   Skills:
 * Level 13.3 Fighting
 - Level 10.0 Throwing
 - Level 10.0 Dodging
 - Level 15.0 Unarmed Combat
 - Level 10.0 Invocations
 * Level 2.9 Evocations


You had 14 spell levels left.
You didn't know any spells.
Your spell library contained the following spells:

 Spells                   Type           Power      Damage    Failure   Level
 Shock                    Conj/Air       0%         1d3       54%         1
 Slow                     Hex            0%         N/A       54%         1
 Static Discharge         Conj/Air       0%         3-3/arc   67%         2
 Call Canine Familiar     Summ           0%         N/A       88%         3
 Confusing Touch          Hex            0%         N/A       88%         3
 Sigil of Binding         Hex            0%         N/A       88%         3
 Swiftness                Air            0%         N/A       88%         3
 Vampiric Draining        Necr           0%         2d6       88%         3
 Airstrike                Air            0%         2d(0-16)  99%         4
 Dimensional Bullseye     Hex/Tloc       0%         N/A       99%         4
 Sticky Flame             Fire/Alch      0%         2d4       99%         4
 Summon Lightning Spire   Summ/Air       0%         N/A       99%         4
 Vhi's Electric Charge    Tloc/Air       0%         N/A       99%         4
 Arcjolt                  Conj/Air       0%         1d10      100%        5
 Plasma Beam              Fire/Air       0%         2x1d10    100%        6
 Maxwell's Capacitive Co  Air            0%         ∞         100%        8


Dungeon Overview and Level Annotations

Branches:
Dungeon (13/15)            Temple (1/1) D:4            Lair (5/5) D:9
  Swamp (0/4) Lair:2       Spider (0/4) Lair:3        Slime (0/5) Lair:4
    Orc (2/2) D:12            Elf (0/3) Orc:2        Bailey (visited)
 Vaults: D:13-14

Altars:
Ashenzari
Cheibriados
Dithmenos
Elyvilon
Fedhas
Gozag
Hepliaklqana
Kikubaaqudgha
Makhleb
Nemelex Xobeh
Okawaru
Qazlal
Ru
Sif Muna
Trog
Uskayaw
Vehumet
Wu Jian
Xom
Yredelemnul
Zin
The Shining One
Jiyva

Shops:
D:6 :   Orc:2 :[:*((*(

Annotations:
D:11 1 runed translucent door
Lair:2 3 runed translucent doors, jestert79's ghost, journeyman HuRe


Innate Abilities, Weirdness & Mutations

Your life essence is reduced to manifest your ancestor. (-10% HP)
You are too large for most types of armour.
You have claws for hands.
Your natural rate of healing is unusually fast.
You are covered in fur. (AC +1)
You have tough skin. (AC +1)


Message History

Citlalmina is healed somewhat.
The yaktaur shoots a bolt.
The bolt completely misses Citlalmina.
The bolt closely misses you.
Citlalmina casts a spell at the yaktaur.
The yaktaur resists with significant effort.
Unknown command.
Things that are here:
a +0 halberd; a +0 plate armour; an orc corpse The deep elf zephyrmancer misses you.
The yaktaur shoots a bolt.
The bolt hits you.
Items here: )))) [[ †.
You completely miss the deep elf zephyrmancer.
The deep elf zephyrmancer barely misses you.
The yaktaur shoots a bolt.
The bolt hits you!
Citlalmina gestures at the yaktaur while chanting.
The yaktaur appears confused.
You mangle the deep elf zephyrmancer!!
The deep elf zephyrmancer is heavily wounded.
The deep elf zephyrmancer hits you with a +0 long sword.
The yaktaur shoots a bolt.
The bolt hits you!!
* * * LOW HITPOINT WARNING * * *
The yaktaur unwields a +0 arbalest.
The yaktaur hits Citlalmina!!
Citlalmina hits the yaktaur with a +0 dagger of draining.
Citlalmina drains the yaktaur.
You claw the deep elf zephyrmancer!
The deep elf zephyrmancer is severely wounded.
Citlalmina hits the yaktaur with a +0 dagger of draining!!
The deep elf zephyrmancer barely misses you.
The yaktaur shoots a bolt.
The bolt closely misses you.
You closely miss the deep elf zephyrmancer.
The deep elf zephyrmancer is severely wounded.
Citlalmina hits the yaktaur with a +0 dagger of draining!
The yaktaur dies!
Citlalmina hits the yaktaur with a +0 dagger of draining.
Unknown command.
You claw the deep elf zephyrmancer!
The deep elf zephyrmancer is almost dead.
The deep elf zephyrmancer gestures at you while chanting.
The bolt of lightning hits you!!
You die...

...........# .. #..#..).|#
...........# .##..##.#..#
...........#. #.#..#.#.#.#
...........#..##.#..#.##..#######
...........# #..)R......#.#......
...........#####c#..#.#####..####
#########........$.).........#
#..[.....).......(...#
#..#####@#.)#.#####..# #..#
#.e........ #..#
#..#..##.#..#.##..#..# #..#.
#.#(.#.# .#..# #..# .##(.##. #..#
#########>.# .. #..# .. #..####
...........#######..#######...%..
...........................######
###..........>.............#


You could see the friendly Citlalmina the hexer (idealised), a yaktaur and a
deep elf zephyrmancer (ally target).

Vanquished Creatures
  Rupert (Lair:3)
  Kirke (Lair:3)
  5 hydras
  Harold (Lair:1)
  4 catoblepae
  5 two-headed ogres
  A tengu warrior (D:13)
  14 death yaks
  Sonja (Lair:1)
  6 orc high priests (Orc:2)
  2 fire crabs (D:11)
  A skyshark (Lair:5)
  Amaemon (D:11)
  A skeletal warrior (D:13)
  A bog body (D:12)
  4 orc knights
  2 deep elf pyromancers (D:13)
  6 orc sorcerers (Orc:2)
  5 manticores
  2 ugly things
  2 oklob plants (Lair:3)
  3 cyclopes
  A meliai (Lair:3)
  3 black mambas
  2 kobold blastminers (Orc:1)
  6 elephants
  3 centaur skeletons (D:13)
  Jeremiah (D:6)
  7 cane toads
  A torpor snail (Lair:4)
  An orange demon (D:11)
  2 unseen horrors
  A kobold demonologist (D:11)
  4 rime drakes
  7 komodo dragons
  A tengu conjurer (D:13)
  Psyche (D:8)
  An ice devil (D:12)
  6 trolls
  3 polar bears
  Grinder (D:6)
  A dream sheep (Lair:3)
  18 blink frogs
  4 shadows
  A water elemental (D:12)
  A spriggan (Lair:5)
  Sigmund (D:2)
  A wyvern (Lair:3)
  A wraith (D:11)
  Eustachio (D:5)
  41 yaks
  A basilisk (D:13)
  8 wargs (Orc:2)
  2 fire elementals (D:11)
  16 vampire mosquitoes
  A hog (Lair:3)
  An acid dragon (D:12)
  6 water moccasins
  An ice beast (D:6)
  22 orc warriors
  A sky beast (D:8)
  6 black bears
  6 ogres
  7 wolves
  10 centaurs
  2 phantoms
  A kobold brigand (D:9)
  13 bullfrogs
  5 necrophages (Lair:3)
  Blork the orc (D:6)
  2 scorpions
  2 gnoll sergeants
  2 entropy weaver simulacra (D:12)
  7 killer bees (D:9)
  An elephant simulacrum (D:12)
  3 electric eels
  4 howler monkeys
  4 hounds
  A bombardier beetle (D:5)
  A jelly (D:7)
  16 orc priests
  4 sleepcaps
  A gnoll bouda (D:8)
  2 hexers
  17 orc wizards
  5 iguanas
  A boggart skeleton (D:13)
  A troll simulacrum (D:12)
  A polar bear simulacrum (D:12)
  Robin (D:2)
  12 adders
  20 gnolls
  2 shadow imps
  2 white imps
  2 ufetubi (D:7)
  4 ribbon worms
  76 orcs
  11 endoplasms
  14 goblins
  12 hobgoblins
  11 quokkas
  9 ball pythons
  10 bats
  6 frilled lizards
  13 kobolds
  10 rats
591 creatures vanquished.

Vanquished Creatures (collateral kills)
  Snorg (Lair:3)
  A hydra (Lair:3)
  An ogre mage (D:10)
  2 catoblepae
  A two-headed ogre (D:10)
  7 death yaks
  An orc high priest (Orc:2)
  A deep elf archer (D:13)
  Maurice (D:10)
  2 manticores (Lair:5)
  4 elephants (Lair:4)
  3 cane toads
  A yaktaur (D:13)
  A polar bear (Lair:3)
  A troll (Orc:1)
  6 blink frogs
  3 dream sheep (Lair:3)
  A shadow (D:12)
  A wraith (D:11)
  3 water elementals (D:12)
  A wyvern (Lair:1)
  2 basilisks (Lair:2)
  A fire bat (D:11)
  A vampire mosquito (D:12)
  17 yaks
  A warg (Orc:2)
  2 water moccasins
  8 orc warriors
  A black bear (Lair:1)
  An ogre (Orc:2)
  5 wolves
  A centaur (D:13)
  A kobold brigand (D:10)
  A gnoll sergeant (D:9)
  An elephant simulacrum (D:12)
  4 killer bees
  11 orc priests
  5 orc wizards
  A gnoll (D:9)
  A white imp (D:12)
  33 orcs
  A goblin (D:9)
142 creatures vanquished.

Vanquished Creatures (others)
  A yak (D:9)
  2 humans (Lair:3)
  3 ancestors
  16 hexers
  2 orc wizards
24 creatures vanquished.

Grand Total: 757 creatures vanquished

Notes
Turn   | Place    | Note
-------+----------+-------------------------------------------
     0 | D:1      | experimilk the Troll Gladiator began the quest for the Orb.
     0 | D:1      | Reached XP level 1. HP: 19/19 MP: 0/0
    22 | D:1      | Reached XP level 2. HP: 18/27 MP: 1/1
   119 | D:1      | Found a faded altar of an unknown god.
   123 | D:1      | Reached skill level 4 in Unarmed Combat
   377 | D:1      | Reached XP level 3. HP: 33/33 MP: 2/2
   768 | D:2      | Noticed Robin
   769 | D:2      | Killed Robin
   785 | D:1      | Reached XP level 4. HP: 22/41 MP: 3/3
   917 | D:1      | Reached skill level 5 in Unarmed Combat
  1364 | D:2      | Identified the +0 mace "Anuptu" {spect, ^Fragile Str+4
                  | Int+4}
  1472 | D:2      | Noticed Sigmund
  1481 | D:2      | Killed Sigmund
  1482 | D:2      | Reached skill level 6 in Unarmed Combat
  1482 | D:2      | Reached XP level 5. HP: 28/48 MP: 4/4
  1927 | D:2      | Reached XP level 6. HP: 55/55 MP: 5/5
  2314 | D:3      | Found a glowing silver altar of Zin.
  2341 | D:3      | Reached skill level 7 in Unarmed Combat
  2445 | D:3      | Found a basalt altar of Yredelemnul.
  2646 | D:3      | Identified the +5 sling of the Apocalypse {heavy, rC+ rN+}
  2821 | D:3      | You fall into a shaft and drop 1 floor!
  3275 | D:4      | Found a staircase to the Ecumenical Temple.
  3429 | Temple   | Entered the Ecumenical Temple
  4001 | Temple   | Became a worshipper of Hepliaklqana the Forgotten
  4051 | D:5      | Entered Level 5 of the Dungeon
  4053 | D:5      | Noticed Eustachio
  4070 | D:5      | Killed Eustachio
  4071 | D:5      | Reached skill level 8 in Unarmed Combat
  4071 | D:5      | Reached XP level 7. HP: 40/62 MP: 6/6
  4503 | D:5      | Found a snail-covered altar of Cheibriados.
  4508 | D:5      | Reached skill level 9 in Unarmed Combat
  5067 | D:6      | Noticed Grinder
  5072 | D:6      | Killed Grinder
  5073 | D:6      | Reached skill level 10 in Unarmed Combat
  5073 | D:6      | Reached XP level 8. HP: 55/74 MP: 7/7
  5446 | D:6      | Reached skill level 5 in Fighting
  5612 | D:6      | Noticed Blork the orc
  5623 | D:6      | Killed Blork the orc
  5890 | D:6      | Reached XP level 9. HP: 45/89 MP: 8/8
  6025 | D:6      | Found a white marble altar of Elyvilon.
  6422 | D:6      | Found Gaxing's Book Boutique.
  6448 | D:6      | Noticed Jeremiah
  6465 | D:6      | Killed Jeremiah
  6814 | D:7      | Reached * piety under Hepliaklqana
  7728 | D:8      | Noticed Psyche
  8114 | D:8      | Killed Psyche
  8369 | D:8      | Reached XP level 10. HP: 79/96 MP: 9/9
  9020 | D:9      | Found a staircase to the Lair.
  9021 | D:9      | Reached ** piety under Hepliaklqana
  9040 | D:8      | HP: 3/99 [yak (3)]
  9302 | D:9      | Found a flagged portal.
  9338 | Bailey   | Entered a bailey
  9412 | Bailey   | Reached skill level 10 in Fighting
  9638 | Bailey   | Remembered your ancestor Citlalmina as a hexer
  9692 | Bailey   | Noticed an orc knight
  9702 | Bailey   | Killed an orc knight
  9762 | Bailey   | Noticed an orc knight
  9776 | Bailey   | Killed an orc knight
  9777 | Bailey   | Reached skill level 5 in Throwing
 10587 | D:9      | Reached XP level 11. HP: 94/105 MP: 10/10
 10848 | D:10     | Entered Level 10 of the Dungeon
 10867 | D:10     | Noticed an ogre mage
 10868 | D:10     | Noticed a two-headed ogre
 10869 | D:10     | Noticed a two-headed ogre
 10873 | D:10     | Noticed a two-headed ogre
 10891 | D:10     | Killed an ogre mage
 10994 | D:10     | Noticed Maurice
 11012 | D:10     | Killed Maurice
 11070 | D:10     | Noticed a two-headed ogre
 11076 | D:10     | Killed a two-headed ogre
 11088 | D:10     | Killed a two-headed ogre
 11175 | D:10     | Identified the +2 hand axe of Circular Logic {spect, Str+3}
 11188 | D:10     | Killed a two-headed ogre
 11654 | D:10     | Killed a two-headed ogre
 11655 | D:10     | Reached skill level 10 in Throwing
 11858 | D:10     | Identified the +3 leather armour "Ocim" {rElec Str+3 Dex+3}
 12392 | Lair:1   | Entered Level 1 of the Lair of Beasts
 12392 | Lair:1   | Noticed Sonja
 12392 | Lair:1   | Reached *** piety under Hepliaklqana
 12403 | Lair:1   | Killed Sonja
 12404 | Lair:1   | Reached skill level 5 in Dodging
 12588 | Lair:1   | Noticed Harold
 12603 | Lair:1   | Killed Harold
 12793 | Lair:1   | Reached XP level 12. HP: 109/113 MP: 11/11
 12818 | Lair:1   | Noticed a catoblepas
 12824 | Lair:1   | Killed a catoblepas
 13426 | Lair:2   | Found a runed translucent gate.
 13426 | Lair:2   | Found a runed translucent gate.
 13426 | Lair:2   | Found a runed translucent gate.
 13496 | Lair:2   | Noticed a four-headed hydra
 13501 | Lair:2   | Killed a four-headed hydra
 13711 | Lair:2   | Reached **** piety under Hepliaklqana
 13716 | Lair:2   | Noticed an eight-headed hydra
 13979 | Lair:2   | Found a staircase to the Swamp.
 14029 | Lair:2   | Noticed a catoblepas
 14034 | Lair:2   | Killed a catoblepas
 14160 | Lair:2   | Killed a 14-headed hydra
 14161 | Lair:2   | Reached skill level 10 in Dodging
 14184 | Lair:2   | Noticed a death yak
 14186 | Lair:2   | Noticed a minotaur
 14186 | Lair:2   | Noticed jestert79's ghost (journeyman HuRe)
 14672 | Lair:3   | Found a hole to the Spider Nest.
 15014 | Lair:3   | Noticed Rupert
 15022 | Lair:3   | Killed Rupert
 15023 | Lair:3   | Reached skill level 11 in Unarmed Combat
 15035 | Lair:3   | Noticed Kirke
 15046 | Lair:3   | Killed Kirke
 15047 | Lair:3   | Reached XP level 13. HP: 119/119 MP: 12/12
 15213 | Lair:3   | Reached skill level 12 in Unarmed Combat
 15274 | Lair:3   | Noticed Snorg
 15280 | Lair:3   | Killed Snorg
 15626 | Lair:3   | Reached skill level 13 in Unarmed Combat
 15893 | Lair:3   | Identified 3 scrolls of acquirement
 15893 | Lair:3   | Acquired the ring of the Antique Guava {rC+ rCorr Str+3}
 15895 | Lair:3   | Acquired 819 gold pieces
 15897 | Lair:3   | Acquired the ring of the Wild Haggis {rC+ Slay+4}
 16026 | Lair:4   | Reached skill level 14 in Unarmed Combat
 16329 | Lair:4   | Reached skill level 15 in Unarmed Combat
 16581 | Lair:4   | Found a viscous altar of Jiyva.
 16581 | Lair:4   | Found a staircase to the Slime Pits.
 16589 | Lair:4   | Reached skill level 1 in Invocations
 18186 | Lair:5   | Entered Level 5 of the Lair of Beasts
 18531 | Lair:5   | Reached XP level 14. HP: 112/128 MP: 16/16
 18549 | Lair:5   | Reached skill level 5 in Invocations
 20785 | Lair:5   | Identified the +1 falchion of Xitetze {heavy, rN++ Dex+2}
 21545 | Lair:5   | Found the +7 staff of the Meek {protect, meekguard}
 21812 | D:11     | Noticed Amaemon
 21946 | D:11     | Found a transporter.
 21993 | D:11     | Reached skill level 10 in Invocations
 22067 | D:11     | Killed Amaemon
 22194 | D:11     | Found a runed translucent door.
 22210 | D:11     | Noticed a frost giant
 22263 | D:11     | Got Sif Muna's Lectures on the Breezy Catalyst
 22335 | D:11     | Found a transporter.
 23116 | D:11     | Identified the staff of the Spheres {rElec rF+ rN+ Necro
                  | Fire}
 23378 | D:12     | Identified the +6 leather armour of the Raven {*Corrode rC+
                  | rN+++ Slay+2}
 23971 | D:12     | Reached XP level 15. HP: 138/138 MP: 21/21
 24196 | D:12     | Reached ***** piety under Hepliaklqana
 24451 | D:12     | Identified the +9 shortbow of Courage {flame, Str+2 Dex+5}
 25181 | D:12     | Found a staircase to the Orcish Mines.
 25543 | Orc:1    | Entered Level 1 of the Orcish Mines
 25707 | Orc:2    | Entered Level 2 of the Orcish Mines
 25707 | Orc:2    | Found Ogudeh's Weapon Shoppe.
 25707 | Orc:2    | Found a staircase to the Elven Halls.
 25725 | Orc:2    | Found Pumelajae's Book Shop.
 25833 | Orc:2    | Found Qeiron's Book Emporium.
 25843 | Orc:2    | Found Fiacibb's Antique Armour Shop.
 26650 | Orc:2    | Found Yvugepof's Antique Weapon Emporium.
 27099 | Orc:2    | Found Isap Nou's Assorted Antiques.
 27135 | Orc:2    | Bought a scroll of identify for 48 gold pieces
 27135 | Orc:2    | Bought a runed hat for 168 gold pieces
 27173 | Orc:2    | Found Qovun's Antique Weapon Shop.
 27255 | Orc:2    | Found Rejan's Assorted Antiques.
 27276 | Orc:2    | Bought a sedimented cyan potion for 31 gold pieces
 27276 | Orc:2    | Bought a scroll of teleportation for 105 gold pieces
 27276 | Orc:2    | Bought a scroll of fear for 140 gold pieces
 27643 | D:13     | Reached skill level 1 in Evocations
 27712 | D:13     | Identified the +10 spear "Eviscerator" {flame, rF+ rN+}
 28039 | D:13     | Reached ****** piety under Hepliaklqana
 28447 | D:13     | Killed from afar by a deep elf zephyrmancer

Illustrated notes

Levels and vault maps discovered:
D:1:      minmay_arrival_arboretum_small, layout_basic, serial_curves,
          eino_curves_02, eino_curves_02, basic_ecumenical_altar
D:2:      layout_loops_ring, st_stairs_8, kennysheep_small_spiral,
          minmay_quadrilaterals, uniq_sigmund, uniq_robin
D:3:      layout_loops_cross, mainiacjoe_overflow_catwalk, zin_statuary,
          minmay_circle_x
D:4:      layout_gridville, minmay_temple_entry_statues_fountains
D:5:      layout_rooms, old_standard_altar, minmay_starry_boxes, uniq_eustachio
D:6:      layout_loops_cross, nicolae_elyvilon_temple_path, serial_shops,
          nicolae_inconvenience_store, uniq_blork_the_orc, uniq_grinder,
          uniq_jeremiah
D:7:      layout_loops_corners, dk_noncrumbling_2
D:8:      layout_loops_ring, minmay_door_square, minmay_misc_feat_secret_circle,
          hangedman_abyss_or_decor_slice, nicolae_underground_beach, uniq_psyche
D:9:      layout_cave_pools, lair_entry_dummy, enter_bailey_7
D:10:     layout_rooms, uniq_maurice
D:11:     gammafunk_cloud_chamber, layout_rooms, wad_hexagon, uniq_amaemon
D:12:     dreamdust_isle_of_ice, layout_layer_cave, erik_orc_2,
          nicolae_straight_to_the_point
D:13:     layout_long_grid, hangedman_vaults_entry_quadrant_bands
Temple:   mainiacjoe_temple_bowtie_tessellation
Lair:1:   layout_regular_city, uniq_sonja, uniq_harold
Lair:2:   layout_misc_corridors, swamp_mist, maelrawn_ghost_gauntlet_escape
Lair:3:   layout_roguey, hellmonk_spider_entry_not_the_bees,
          roderic_carrion_pond, dpeg_oklob_1, uniq_kirke, uniq_rupert,
          uniq_snorg
Lair:4:   layout_gridlike, slime_entry_1, chequers_serial_rivers_small_3
Lair:5:   evilmike_catoblepas_cave, layout_gridlike,
          grunt_forest_large_clearing_hut, infiniplex_staircase_pool_2,
          serial_bayou_shore_b, lemuel_fruit_fields
Orc:1:    layout_caves
Orc:2:    st_orc_town, layout_diamond_mine, serial_shops, shop,
          nicolae_shop_dealshenge, shop, shop, shop

Skill      XL: |  1  2  3  4  5  6  7  8  9 10 11 12 13 14 15 |
---------------+----------------------------------------------+-----
Unarmed Combat | 4 6 8 10 11 15 | 15.0
Fighting       | 2 6 9 10 11 13 | 13.3
Throwing       | 7 10 | 10.0
Dodging        | 6 10 | 10.0
Invocations    | 4 10 | 10.0
Evocations     | 2 |  2.9

Action                     |  1- 3 |  4- 6 |  7- 9 | 10-12 | 13-15 || total
---------------------------+-------+-------+-------+-------+-------++-------
  Melee: Unarmed           |    86 |   176 |   245 |   271 |   612 ||  1390
         Punch             |     1 |     8 |    10 |    21 |    52 ||    92
  Throw: Large rock        |     1 |     2 |     1 |    11 |    52 ||    67
         Throwing net      |       |     3 |       |     5 |       ||     8
         Dart              |       |     2 |    17 |   114 |   103 ||   236
         Boomerang         |       |       |    28 |    73 |   121 ||   222
 Invoke: Recall Ancestor   |       |       |     2 |     2 |     4 ||     8
         Ancestor Life: He |       |       |       |     1 |       ||     1
         Idealise          |       |       |       |       |     4 ||     4
         Transference      |       |       |       |       |     1 ||     1
  Evoke: Wand              |       |       |       |     1 |     1 ||     2
         Box of beasts     |       |       |       |       |     1 ||     1
    Use: Scroll            |       |     7 |     3 |    10 |    15 ||    35
         Potion            |       |       |     1 |     5 |     6 ||    12
   Stab: Sleeping          |     1 |     3 |       |     1 |     1 ||     6
         Distracted        |       |       |       |     4 |     8 ||    12
         Confused          |       |       |       |     2 |     9 ||    11
         Held in net/web   |       |       |       |     2 |       ||     2
         Paralysed         |       |       |       |       |    17 ||    17
 Armour: Robe              |    55 |   122 |   201 |   258 |   336 ||   972
         Skin              |       |       |       |    15 |       ||    15
         Troll leather arm |       |       |       |       |   181 ||   181
  Dodge: Dodged            |    58 |    96 |   136 |   196 |   385 ||   871

Table legend: (Time is in decaauts)
 A = Elapsed time spent in this place.
 B = Non-inter-level travel time spent in this place.
 C = Inter-level travel time spent in this place.
 D = Time resting spent in this place.
 E = Time spent auto-exploring this place.
 F = Levels seen in this place.
 G = Mean time per level.
                   A        B        C        D        E       F      G
               +--------+--------+--------+--------+--------+-----+--------+
         Total |  28121 |  26501 |   1620 |  10216 |  11118 |  22 | 1278.2 |
       Dungeon |  15995 |  14851 |   1144 |   4845 |   7295 |  13 | 1230.4 |
        Temple |    596 |    512 |     84 |    200 |      0 |   1 |  596.0 |
          Lair |   9255 |   8998 |    257 |   4711 |   2936 |   5 | 1851.0 |
  Orcish Mines |   1788 |   1653 |    135 |    287 |    828 |   2 |  894.0 |
        Bailey |    485 |    485 |      0 |    172 |     59 |   1 |  485.0 |
               +--------+--------+--------+--------+--------+-----+--------+

Top non-repeatable levels by time:
  Lair:5: 3167 daAuts
  Lair:3: 2487 daAuts
    D:12: 2093 daAuts
    D:11: 1807 daAuts
     D:6: 1686 daAuts
  Lair:4: 1465 daAuts
    D:10: 1336 daAuts
  Lair:1: 1305 daAuts
     D:9: 1294 daAuts
     D:7: 1281 daAuts
     D:1: 1249 daAuts
     D:8: 1234 daAuts
   Orc:2: 1170 daAuts
     D:5: 999 daAuts
     D:2: 907 daAuts
